PA
GRIM REAPERS @ ATHLETIC CLUB KC U-21
05/09/2022
 
TOP OF THE 1ST
Grim Reapers batting - Pitching for Athletic Club KC U-21 : LHP Ash Ibarra
Pitching: LHP Ash Ibarra
Batting: RHB Alberto Rodríguez 0-0: Ground out 4-3 (Groundball, 4M)
Batting: RHB Bill Allen 0-0: Called Strike
0-1: Ball
1-1: Fly out, F8 (Flyball, 8RS)
Batting: RHB Vincent Klein 0-0: Ball
1-0: Ball
2-0: Called Strike
2-1: Swinging Strike
2-2: Strikes out swinging
Top of the 1st over - 0 run(s), 0 hit(s), 0 error(s), 0 left on base; Grim 0 - Athletic Club KC 0
BOTTOM OF THE 1ST
Athletic Club KC U-21 batting - Pitching for Grim Reapers : LHP Henry Vandenberg
Pitching: LHP Henry Vandenberg
Batting: RHB Aurelio Álvarez 0-0: Ball
1-0: Called Strike
1-1: Foul Ball, location: 2F
1-2: Foul Ball, location: 2F
1-2: Ball
2-2: Ground out 6-3 (Groundball, 6M)
Batting: LHB Michael Landry 0-0: Swinging Strike
0-1: Ground out 3-1 (Groundball, 3)
Batting: SHB Fernando Luna 0-0: Ball
1-0: Ball
2-0: Fly out, F8 (Line Drive, 8LM)
Bottom of the 1st over - 0 run(s), 0 hit(s), 0 error(s), 0 left on base; Grim 0 - Athletic Club KC 0
TOP OF THE 2ND
Grim Reapers batting - Pitching for Athletic Club KC U-21 : LHP Ash Ibarra
Batting: RHB Víctor Hernández 0-0: Ball
1-0: Called Strike
1-1: Ground out 4-3 (Groundball, 4)
Batting: RHB Jorge López 0-0: Called Strike
0-1: SINGLE (Groundball, 4MD)
Batting: LHB Davis Anderson 0-0: Called Strike
0-1: Grounds into double play, 4-6-3 (Groundball, 4)
Top of the 2nd over - 0 run(s), 1 hit(s), 0 error(s), 0 left on base; Grim 0 - Athletic Club KC 0
BOTTOM OF THE 2ND
Athletic Club KC U-21 batting - Pitching for Grim Reapers : LHP Henry Vandenberg
Batting: RHB Diego Bonilla 0-0: Ball
1-0: Fly out, F9 (Flyball, 89M)
Batting: RHB Geoff Rivers 0-0: Called Strike
0-1: Ball
1-1: Ball
2-1: SOLO HOME RUN (Line Drive, 7D), Distance : 401 ft
Batting: RHB Chris Costa 0-0: Called Strike
0-1: Ground out 6-3 (Groundball, 6)
Batting: SHB Eric Moore 0-0: Called Strike
0-1: Ball
1-1: Ball
2-1: Swinging Strike
2-2: Strikes out swinging
Bottom of the 2nd over - 1 run(s), 1 hit(s), 0 error(s), 0 left on base; Grim 0 - Athletic Club KC 1
TOP OF THE 3RD
Grim Reapers batting - Pitching for Athletic Club KC U-21 : LHP Ash Ibarra
Batting: RHB António Díaz 0-0: Ball
1-0: Bunted foul
1-1: Swinging Strike
1-2: Ground out 5-3 (Groundball, 56S)
Batting: RHB José Osorio 0-0: Ground out 6-3 (Groundball, 6)
Batting: RHB Bernardo Rodríguez 0-0: Reached on error, E5 (Groundball, 5)
Batting: RHB Alberto Rodríguez 0-0: Ball
1-0: Foul Ball, location: 2F
1-1: Ball
2-1: Called Strike
2-2: SINGLE (Groundball, 6S) (infield hit)
Bernardo Rodríguez to third
Batting: RHB Bill Allen 0-0: Foul Ball, location: 2F
0-1: Called Strike
0-2: Ball
Wild Pitch!
Bernardo Rodríguez scores
Alberto Rodríguez to second
1-2: Ball
2-2: Strikes out looking
Top of the 3rd over - 1 run(s), 1 hit(s), 1 error(s), 1 left on base; Grim 1 - Athletic Club KC 1
BOTTOM OF THE 3RD
Athletic Club KC U-21 batting - Pitching for Grim Reapers : LHP Henry Vandenberg
Batting: LHB Naohiro Sakai 0-0: Ball
1-0: Ball
2-0: Ground out 4-3 (Groundball, 4)
Batting: RHB Iván Chacón 0-0: Ball
1-0: Foul Ball, location: 2F
1-1: Called Strike
1-2: Fly out, F2 (Popup, 25F)
Batting: RHB Aurelio Álvarez 0-0: Ground out 6-3 (Groundball, 6M)
Bottom of the 3rd over - 0 run(s), 0 hit(s), 0 error(s), 0 left on base; Grim 1 - Athletic Club KC 1
TOP OF THE 4TH
Grim Reapers batting - Pitching for Athletic Club KC U-21 : LHP Ash Ibarra
Batting: RHB Vincent Klein 0-0: Called Strike
0-1: Ball
1-1: Ball
2-1: Foul Ball, location: 2F
2-2: Foul Ball, location: 2F
2-2: Fly out, F7 (Flyball, 7S)
Batting: RHB Víctor Hernández 0-0: Foul Ball, location: 2F
0-1: Foul Ball, location: 2F
0-2: Ball
1-2: Foul Ball, location: 2F
1-2: TRIPLE (Flyball, 89M)
Batting: RHB Jorge López 0-0: Ball
1-0: Foul Ball, location: 2F
1-1: Foul Ball, location: 2F
1-2: Ball
2-2: Ball
3-2: Foul Ball, location: 2F
3-2: Base on Balls
Batting: LHB Davis Anderson 0-0: Called Strike
Jorge López is caught stealing 2nd base
0-1: Swinging Strike
0-2: Strikes out looking
Top of the 4th over - 0 run(s), 1 hit(s), 0 error(s), 1 left on base; Grim 1 - Athletic Club KC 1
BOTTOM OF THE 4TH
Athletic Club KC U-21 batting - Pitching for Grim Reapers : LHP Henry Vandenberg
Now at 3B: Sergio Delgado
Batting: LHB Michael Landry 0-0: Ball
1-0: Ball
2-0: Foul Ball, location: 2F
2-1: Ground out 4-3 (Groundball, 34)
Batting: SHB Fernando Luna 0-0: Ball
1-0: Foul Ball, location: 2F
1-1: Ball
2-1: Foul Ball, location: 2F
2-2: Foul Ball, location: 2F
2-2: Ball
3-2: Foul Ball, location: 2F
3-2: Base on Balls
Batting: RHB Diego Bonilla 0-0: Ball
1-0: Ball
2-0: Called Strike
2-1: Called Strike
2-2: Foul Ball, location: 2F
2-2: Strikes out swinging
Batting: RHB Geoff Rivers 0-0: Foul Ball, location: 2F
0-1: Ball
1-1: Called Strike
1-2: Foul Ball, location: 2F
1-2: Foul Ball, location: 2F
1-2: Fly out, F7 (Flyball, 7D)
Bottom of the 4th over - 0 run(s), 0 hit(s), 0 error(s), 1 left on base; Grim 1 - Athletic Club KC 1
TOP OF THE 5TH
Grim Reapers batting - Pitching for Athletic Club KC U-21 : LHP Ash Ibarra
Batting: RHB António Díaz 0-0: Ball
1-0: Ball
2-0: Fly out, F9 (Flyball, 9M)
Batting: RHB José Osorio 0-0: Ball
1-0: Swinging Strike
1-1: Swinging Strike
1-2: Ball
2-2: Ball
3-2: Foul Ball, location: 2F
3-2: Base on Balls
Batting: RHB Bernardo Rodríguez 0-0: Ball
1-0: Foul Ball, location: 2F
1-1: Swinging Strike
1-2: Strikes out swinging
Batting: RHB Alberto Rodríguez 0-0: Called Strike
0-1: TRIPLE (Line Drive, 7LS)
José Osorio scores
Batting: RHB Bill Allen 0-0: Ball
1-0: Ground out 5-3 (Groundball, 15S)
Top of the 5th over - 1 run(s), 1 hit(s), 0 error(s), 1 left on base; Grim 2 - Athletic Club KC 1
BOTTOM OF THE 5TH
Athletic Club KC U-21 batting - Pitching for Grim Reapers : LHP Henry Vandenberg
Batting: RHB Chris Costa 0-0: Called Strike
0-1: Called Strike
0-2: Ball
1-2: Ball
2-2: Ball
3-2: SINGLE (Groundball, 56D)
Batting: SHB Eric Moore 0-0: Sac Bunt - play at first, batter OUT! 1-3
Chris Costa to second
Batting: LHB Naohiro Sakai 0-0: Ball
1-0: Ground out 3-1 (Groundball, 34S)
Chris Costa to third
Batting: RHB Iván Chacón 0-0: Ball
1-0: Ball
2-0: Called Strike
2-1: Fly out, F9 (Flyball, 9LD)
Bottom of the 5th over - 0 run(s), 1 hit(s), 0 error(s), 1 left on base; Grim 2 - Athletic Club KC 1
TOP OF THE 6TH
Grim Reapers batting - Pitching for Athletic Club KC U-21 : LHP Ash Ibarra
Batting: RHB Vincent Klein 0-0: Ground out 6-3 (Groundball, 6M)
Batting: RHB Víctor Hernández 0-0: Ball
1-0: Foul Ball, location: 2F
1-1: Called Strike
1-2: Foul Ball, location: 2F
1-2: Ball
2-2: Strikes out swinging
Batting: RHB Jorge López 0-0: Ball
1-0: Fly out, F9 (Flyball, 89M)
Top of the 6th over - 0 run(s), 0 hit(s), 0 error(s), 0 left on base; Grim 2 - Athletic Club KC 1
BOTTOM OF THE 6TH
Athletic Club KC U-21 batting - Pitching for Grim Reapers : LHP Henry Vandenberg
Batting: RHB Aurelio Álvarez 0-0: Ball
1-0: Ball
2-0: Ball
3-0: Called Strike
3-1: Base on Balls
Batting: LHB Michael Landry 0-0: Sac Bunt - play at first, batter OUT! 1-4
Aurelio Álvarez to second
Batting: SHB Fernando Luna 0-0: Called Strike
0-1: Ball
1-1: Ground out 5-3 (Groundball, 56)
Batting: RHB Diego Bonilla 0-0: Foul Ball, location: 2F
0-1: Ball
1-1: Ball
2-1: SINGLE (Groundball, 56D)
Aurelio Álvarez to third
Runner from 3rd tries for Home, SAFE, no throw or cutoff
Batting: RHB Geoff Rivers 0-0: Ball
1-0: Ball
2-0: Ball
Pickoff Throw to First - Error! E1
Diego Bonilla to second
3-0: Called Strike
3-1: Called Strike
3-2: Strikes out looking
Bottom of the 6th over - 1 run(s), 1 hit(s), 1 error(s), 1 left on base; Grim 2 - Athletic Club KC 2
TOP OF THE 7TH
Grim Reapers batting - Pitching for Athletic Club KC U-21 : LHP Ash Ibarra
Batting: RHB Sergio Delgado 0-0: Ball
1-0: Ball
2-0: Ball
3-0: Called Strike
3-1: Fly out, F8 (Flyball, 8LM)
Batting: RHB António Díaz 0-0: Ball
1-0: Fly out, F2 (Popup, 2LF)
Batting: RHB José Osorio 0-0: Called Strike
0-1: Swinging Strike
0-2: Ball
1-2: Ball
2-2: Strikes out swinging
Top of the 7th over - 0 run(s), 0 hit(s), 0 error(s), 0 left on base; Grim 2 - Athletic Club KC 2
BOTTOM OF THE 7TH
Athletic Club KC U-21 batting - Pitching for Grim Reapers : LHP Henry Vandenberg
Batting: RHB Chris Costa 0-0: Foul Ball, location: 2F
0-1: Ball
1-1: Fly out, F7 (Flyball, 78D)
Pinch Hitting: RHB Felipe Pabalate 0-0: Ball
1-0: SINGLE (Groundball, 56D)
Pinch Hitting: RHB Maurice Quinn 0-0: Ball
1-0: Fly out, F7 (Flyball, 78M)
Pinch Hitting: SHB Brent Adams 0-0: Ball
Felipe Pabalate steals 2nd base
1-0: Foul Ball, location: 2F
1-1: Ball
2-1: Ball
3-1: Swinging Strike
3-2: Strikes out swinging
Bottom of the 7th over - 0 run(s), 1 hit(s), 0 error(s), 1 left on base; Grim 2 - Athletic Club KC 2
TOP OF THE 8TH
Grim Reapers batting - Pitching for Athletic Club KC U-21 : LHP Ash Ibarra
Now at 1B: Brent Adams
Now at 2B: Felipe Pabalate
Now at SS: Maurice Quinn
Batting: RHB Bernardo Rodríguez 0-0: SINGLE (Groundball, 13S) (infield hit)
Batting: RHB Alberto Rodríguez 0-0: Reached on error, E1 (Groundball, 13)
Bernardo Rodríguez to second
Batting: RHB Bill Allen 0-0: Sac Bunt - play at first, batter OUT! 1-4
Bernardo Rodríguez to third
Alberto Rodríguez to second
Batting: RHB Vincent Klein 0-0: Ball
1-0: Ground out 5-3 (Groundball, 5L)
Batting: RHB Víctor Hernández 0-0: Ball
1-0: Foul Ball, location: 2F
1-1: Ball
2-1: Foul Ball, location: 2F
2-2: Foul Ball, location: 2F
2-2: Ball
3-2: Foul Ball, location: 2F
3-2: Fly out, F8 (Flyball, 8RM)
Top of the 8th over - 0 run(s), 1 hit(s), 1 error(s), 2 left on base; Grim 2 - Athletic Club KC 2
BOTTOM OF THE 8TH
Athletic Club KC U-21 batting - Pitching for Grim Reapers : LHP Henry Vandenberg
Batting: RHB Aurelio Álvarez 0-0: Ball
1-0: Ball
2-0: Foul Ball, location: 2F
2-1: Ball
3-1: Foul Ball, location: 2F
3-2: Ground out 5-3 (Groundball, 56S)
Batting: LHB Michael Landry 0-0: Foul Ball, location: 2F
0-1: Swinging Strike
0-2: Foul Ball, location: 2F
0-2: Ball
1-2: Ball
2-2: Ball
3-2: Strikes out swinging
Batting: SHB Fernando Luna 0-0: Called Strike
0-1: Ball
1-1: Foul Ball, location: 2F
1-2: Fly out, F8 (Flyball, 8LM)
Bottom of the 8th over - 0 run(s), 0 hit(s), 0 error(s), 0 left on base; Grim 2 - Athletic Club KC 2
TOP OF THE 9TH
Grim Reapers batting - Pitching for Athletic Club KC U-21 : LHP Ash Ibarra
Pitching: RHP Lindsay Novak
Batting: RHB Jorge López 0-0: Ball
1-0: Ball
2-0: Ball
3-0: Base on Balls
Pinch Runner at 1st Arnold Meurs:
Batting: RHB Sergio Delgado 0-0: Ball
Arnold Meurs steals 2nd base
1-0: Called Strike
1-1: Ball
2-1: Foul Ball, location: 2F
2-2: Strikes out swinging
Batting: RHB António Díaz 0-0: Ball
1-0: Ball
2-0: Ball
Arnold Meurs steals 3rd base
3-0: Foul Ball, location: 2F
3-1: Foul Ball, location: 2F
3-2: Fly out, F7 (Flyball, 7S)
Batting: RHB José Osorio 0-0: Ball
1-0: Ball
2-0: Swinging Strike
2-1: Ball
3-1: Foul Ball, location: 2F
3-2: Strikes out looking
Top of the 9th over - 0 run(s), 0 hit(s), 0 error(s), 1 left on base; Grim 2 - Athletic Club KC 2
BOTTOM OF THE 9TH
Athletic Club KC U-21 batting - Pitching for Grim Reapers : LHP Henry Vandenberg
Pitching: RHP Valentín Robles
Now in CF: Arnold Meurs
Pinch Hitting: LHB Domingo Gutiérrez 0-0: Fly out, F8 (Flyball, 8LM)
Batting: RHB Geoff Rivers 0-0: Swinging Strike
0-1: Foul Ball, location: 2F
0-2: Strikes out swinging
Batting: RHB Chris Costa 0-0: Ground out 6-3 (Groundball, 6)
Bottom of the 9th over - 0 run(s), 0 hit(s), 0 error(s), 0 left on base; Grim 2 - Athletic Club KC 2
TOP OF THE 10TH
Grim Reapers batting - Pitching for Athletic Club KC U-21 : RHP Lindsay Novak
Now in CF: Domingo Gutiérrez
Pinch Hitting: RHB Javier Medine 0-0: Called Strike
0-1: Ball
1-1: Ball
2-1: Ball
3-1: Called Strike
3-2: Foul Ball, location: 2F
3-2: Foul Ball, location: 2F
3-2: Foul Ball, location: 2F
3-2: Strikes out swinging
Batting: RHB Alberto Rodríguez 0-0: Fly out, F9 (Flyball, 89M)
Batting: RHB Bill Allen 0-0: Called Strike
0-1: Ball
1-1: Foul Ball, location: 2F
1-2: Strikes out swinging
Top of the 10th over - 0 run(s), 0 hit(s), 0 error(s), 0 left on base; Grim 2 - Athletic Club KC 2
BOTTOM OF THE 10TH
Athletic Club KC U-21 batting - Pitching for Grim Reapers : RHP Valentín Robles
Now at C: Víctor Fernández
Batting: RHB Felipe Pabalate 0-0: Called Strike
0-1: Swinging Strike
0-2: Fly out, F7 (Popup, 56D)
Batting: RHB Maurice Quinn 0-0: Ball
1-0: Foul Ball, location: 2F
1-1: Foul Ball, location: 2F
1-2: Ball
2-2: Ball
3-2: Fly out, F8 (Flyball, 8RM)
Batting: SHB Brent Adams 0-0: Called Strike
0-1: Called Strike
0-2: Ball
1-2: Fly out, F9 (Flyball, 9LMF)
Bottom of the 10th over - 0 run(s), 0 hit(s), 0 error(s), 0 left on base; Grim 2 - Athletic Club KC 2
TOP OF THE 11TH
Grim Reapers batting - Pitching for Athletic Club KC U-21 : RHP Lindsay Novak
Pitching: RHP Roland Allen
Batting: RHB Vincent Klein 0-0: Foul Ball, location: 2F
0-1: Foul Ball, location: 2F
0-2: Ball
1-2: Foul Ball, location: 2F
1-2: Ball
2-2: Foul Ball, location: 2F
2-2: Fly out, F7 (Line Drive, 7M)
Batting: RHB Víctor Hernández 0-0: Ball
1-0: Ball
2-0: Ball
3-0: Base on Balls
Pinch Hitting: RHB Gonzalo Sánchez 0-0: Ball
Víctor Hernández steals 2nd base
1-0: Intentional Walk
Pinch Hitting: LHB Edgardo Díaz 0-0: Ball
1-0: SINGLE (Groundball, 56D)
Víctor Hernández to third
Gonzalo Sánchez to second
Runner from 3rd tries for Home, SAFE, no throw or cutoff
Batting: RHB António Díaz 0-0: Swinging Strike
0-1: Ball
1-1: Called Strike
1-2: Strikes out swinging
Batting: RHB José Osorio 0-0: Ball
1-0: Called Strike
1-1: Called Strike
1-2: Strikes out swinging
Top of the 11th over - 1 run(s), 1 hit(s), 0 error(s), 2 left on base; Grim 3 - Athletic Club KC 2
BOTTOM OF THE 11TH
Athletic Club KC U-21 batting - Pitching for Grim Reapers : RHP Valentín Robles
Pitching: RHP Paul Spivey
Now at 2B: Aurelio Collazo
Now at 3B: Gonzalo Sánchez
Batting: RHB Aurelio Álvarez 0-0: Ball
1-0: Called Strike
1-1: Ball
2-1: Called Strike
2-2: Ball
3-2: Strikes out swinging
Batting: LHB Michael Landry 0-0: Ball
1-0: Ball
2-0: Ball
3-0: Called Strike
3-1: Base on Balls
Batting: SHB Fernando Luna 0-0: Ball
1-0: Ball
2-0: SINGLE (Groundball, 34D)
Michael Landry to second
Runner from 2nd tries for 3rd, SAFE, no throw or cutoff
Batting: LHB Domingo Gutiérrez 0-0: Fly out, F6 (Popup, 56)
Batting: RHB Geoff Rivers 0-0: Ball
1-0: Fly out, F6 (Popup, 6D)
Bottom of the 11th over - 0 run(s), 1 hit(s), 0 error(s), 2 left on base; Grim 3 - Athletic Club KC 2
This league is powered by Out of the Park Baseball, the baseball management simulation game for PC, Mac and Linux
Friday, April 15th, 2016 - OOTP Baseball 16.9 Build 39